AoeStats
← O grande

Arabia

505644213Analyzed
1v1 RM · 21d ago on Sep 10, 2026· 32m 10s· 2 players
Game mode
Random Map
Map size
Tiny (2 player)
Population
200
Speed
Normal
Resources
Standard
Victory
Conquest
Starting age
Dark Age
Ending age
Imperial Age
RankedLock teamsTeams togetherTeam positionsShared explorationLock speedFull tech treeHidden civsTurbo modeCheats
Victory
Defeat
🇹🇷 Saracens · Türkiye
2229
+9
🇧🇷 Saracens · Brazil
2063
-9
O grande
8:32 Feudal Age
6:52 Loom
9:43 Double-Bit Axe
16:14 Town Watch
20:38 Castle Age
19:08 Fletching
19:44 Padded Archer Armor
20:09 Gold Mining
19:59 Horse Collar
21:36 Bodkin Arrow
22:37 Crossbowman
25:34 Ballistics
Edelreiss
5:59 Loom
8:48 Feudal Age
9:34 Double-Bit Axe
19:42 Castle Age
18:52 Fletching
19:35 Padded Archer Armor
20:19 Bodkin Arrow
19:45 Crossbowman
19:55 Crossbowman
21:51 Ballistics
23:28 Bow Saw
27:32 Horse Collar
Connection lost

Rejoining the realm…

Still unreachable

The connection could not be restored.

Session expired

The server has moved on; the page needs a fresh start.